 Dungeon Crawl Stone Soup version 0.29.1-14-g9c671dbff4 (webtiles) character file.

Game seed: 3490743743344774582

56 Heoruswealwe the Caller (level 3, -2/19 HPs)
             Began as a Deep Elf Summoner on Feb 15, 2023.
             Was a Follower of Makhleb.
             Slain by a gnoll
             ... wielding a +0 whip
              (8 damage)
             ... on level 2 of the Dungeon.
             The game lasted 00:15:21 (1177 turns).

Heoruswealwe the Caller (Deep Elf Summoner)         Turns: 1177, Time: 00:15:21

Health: -2/19      AC:  2    Str:  5    XL:     3   Next: 71%
Magic:  4/9        EV: 12    Int: 21    God:    Makhleb [*.....]
Gold:   54         SH:  0    Dex: 15    Spells: 4/8 levels left

rFire   . . .      SeeInvis .   q - +0 falchion
rCold   . . .      Faith    .   (no shield)
rNeg    . . .      Spirit   .   a - +0 robe
rPois   .          Reflect  .   (no helmet)
rElec   .          Harm     .   (no cloak)
rCorr   .          Rampage  .   (no gloves)
Will    .....                   (no boots)
Stlth   ++........              (no amulet)
HPRegen 0.06/turn               (no ring)
MPRegen 0.11/turn               (no ring)

@: no status effects
A: no striking features
a: Renounce Religion


You were on level 2 of the Dungeon.
You worshipped Makhleb.
Makhleb was aware of your devotion.
You visited 1 branch of the dungeon, and saw 2 of its levels.

You collected 54 gold pieces.

Inventory:

Hand Weapons
 c - a +0 club
 h - a +0 mace
 k - a +0 club
 l - a +0 dagger of venom
 o - a +0 whip
 p - a +0 short sword
 q - a +0 falchion (weapon)
 r - a +0 mace
 s - a +0 short sword
Missiles
 j - 10 stones
Armour
 a - a +0 robe (worn)
 d - a +0 scale mail
Scrolls
 m - a scroll of vulnerability {unknown}
 n - a scroll of identify {unknown}
 t - a scroll of brand weapon {unknown}
Potions
 b - a potion of magic
 e - a potion of heal wounds {unknown}
 f - a potion of curing {unknown}
 g - a potion of flight {unknown}
 i - a potion of might {unknown}


   Skills:
 + Level 0.3 Fighting
 + Level 0.2 Long Blades
 + Level 2.5 Dodging
 + Level 2.6 Stealth
 * Level 3.2 Spellcasting
 + Level 0.7 Conjurations
 + Level 0.3 Hexes
 * Level 4.5 Summonings
 + Level 0.8 Necromancy
 + Level 0.7 Translocations
 + Level 0.3 Transmutations
 + Level 0.2 Fire Magic
 + Level 0.2 Ice Magic
 + Level 0.3 Air Magic
 + Level 0.4 Earth Magic
 + Level 0.4 Poison Magic
 + Level 0.4 Invocations
 + Level 0.7 Evocations


You had 4 spell levels left.
You knew the following spells:

 Your Spells              Type           Power      Damage    Failure   Level
a - Summon Small Mammal   Summ           88%        N/A       1%          1
b - Call Canine Familiar  Summ           22%        N/A       6%          3

Your spell library contained the following spells:

 Spells                   Type           Power      Damage    Failure   Level
 Call Imp                 Summ           22%        N/A       3%          2
 Summon Guardian Golem    Hex/Summ       13%        N/A       14%         3
 Summon Lightning Spire   Summ/Air       13%        N/A       43%         4


Dungeon Overview and Level Annotations

Branches:
Dungeon (2/15)

Altars:
Makhleb


Message History

Confirm with . or Enter, or press ? or * to list all spells.
The spell is quite dangerous to miscast (6% risk of failure)!
Continue anyway?
The gnoll hits you with a +0 club.
* * * LOW HITPOINT WARNING * * *
You swap places.
The gnoll closely misses your hound. The gnoll barely misses you.
Your hound bites the gnoll but does no damage.
Your hound completely misses the gnoll.
The gnoll barely misses your hound.
Your hound barely misses the gnoll.
The gnoll hits your hound but does no damage.
The gnoll hits your hound with a +0 flail!
Your hound bites the gnoll.
Your hound bites the gnoll.
The gnoll dies!
Makhleb accepts your kill.
Your hound bites the gnoll.
Casting: Call Canine Familiar (quite dangerous; 6% risk of failure)
Confirm with . or Enter, or press ? or * to list all spells.
The gnoll closely misses your hound. The gnoll misses your quokka.
Your hound barely misses the gnoll.
Unknown command.
Your hound bites the gnoll.
The gnoll hits your quokka with a +0 whip.
The gnoll barely misses your hound.
Your quokka bites the gnoll.
Your hound closely misses the gnoll.
The gnoll completely misses your hound.
The gnoll hits your quokka with a +0 whip.
Your quokka dies!
Your quokka's corpse disappears in a puff of smoke!
Your hound bites the gnoll.
Casting: Summon Small Mammal (safe; 1% risk of failure)
Confirm with . or Enter, or press ? or * to list all spells.
Your hound bites the gnoll but does no damage.
The gnoll hits your hound with a +0 flail!
Your hound bites the gnoll.
Casting: Summon Small Mammal (safe; 1% risk of failure)
Confirm with . or Enter, or press ? or * to list all spells.
The gnoll hits your hound with a +0 flail.
The gnoll hits you with a +0 whip!
You die...

########
#......#
#......#
#......#
###....>.#
#r.......#
#.#......#
###@#..<...#
##rg.#####†##
##h)### .# .
#.g## . ..
....###)###....
##
...B...........
.#.###.###.....
#.. .... #..
###


You could see 2 gnolls, a friendly hound (summoned) and 2 friendly quokkas.

Vanquished Creatures
  A gnoll (D:2)
  A bat (D:1)
  An endoplasm (D:1)
  A giant cockroach (D:1)
  A quokka (D:1)
  3 kobolds (D:1)
8 creatures vanquished.

Vanquished Creatures (collateral kills)
  A gnoll (D:2)
  2 dart slugs (D:1)
  3 endoplasms
  2 giant cockroaches
  A goblin (D:1)
  A hobgoblin (D:2)
  4 jackals (D:1)
  A kobold (D:1)
  A quokka (D:1)
  A ball python (D:1)
  2 bats
  3 frilled lizards
22 creatures vanquished.

Grand Total: 30 creatures vanquished

Notes
Turn   | Place    | Note
-------+----------+-------------------------------------------
     0 | D:1      | Heoruswealwe the Deep Elf Summoner began the quest for the
                  | Orb.
     0 | D:1      | Reached XP level 1. HP: 10/10 MP: 6/6
    38 | D:1      | Found a faded altar of an unknown god.
    69 | D:1      | Prayed at the altar of an unknown god.
    69 | D:1      | Became a worshipper of Makhleb the Destroyer
    69 | D:1      | Reached * piety under Makhleb
   125 | D:1      | You fall into a shaft and drop 1 floor!
   339 | D:1      | Reached XP level 2. HP: 3/15 MP: 6/8
   815 | D:1      | Reached XP level 3. HP: 10/19 MP: 7/9
  1076 | D:1      | Learned a level 3 spell: Call Canine Familiar
  1177 | D:2      | Slain by a gnoll

Illustrated notes

Levels and vault maps discovered:
D:1:      giann_horns, layout_basic, ebering_ecumenical_altar_webs
D:2:      layout_rooms, uniq_natasha

Action                   || total
-------------------------++-------
Melee: Mace              ||    20
       Club              ||     7
       Dagger            ||     7
       Falchion          ||     7
       Punch             ||     1
 Cast: Summon Small Mamm ||    29
       Call Canine Famil ||     2
Armor: Robe              ||    29
Dodge: Dodged            ||    32
